 Dungeon Crawl Stone Soup version 0.28-a0-233-gb8ca4b6547 (webtiles) character file.

Game seed: 17634036734088137380

420 Lochraine the Magician (level 6, 0/32 HPs)
             Began as a Deep Elf Hedge Wizard on Aug 22, 2021.
             Was an Initiate of Vehumet.
             Slain by Duvessa (7 damage)
             ... on level 5 of the Dungeon.
             The game lasted 00:10:07 (4998 turns).

Lochraine the Magician (Deep Elf Hedge Wizard)      Turns: 4998, Time: 00:10:08

Health: 0/32       AC:  3    Str:  7    XL:     6   Next: 62%
Magic:  1/17       EV: 12    Int: 21    God:    Vehumet [......]
Gold:   134        SH:  0    Dex: 14    Spells: 2/17 levels left

rFire   . . .      SeeInvis .   a - +0 dagger
rCold   . . .      Faith    .   (no shield)
rNeg    . . .      Spirit   .   b - +0 robe
rPois   +          Reflect  .   c - +0 hat
rElec   .          Harm     .   (no cloak)
rCorr   .          Rampage  .   r - +0 pair of gloves
Will    .....                   (no boots)
Stlth   ++........              (no amulet)
HPRegen 0.10/turn               d - ring of poison resistance
MPRegen 0.15/turn               p - ring of flight

@: flying
A: no striking features
a: Renounce Religion


You were on level 5 of the Dungeon.
You worshipped Vehumet.
Vehumet was noncommittal.
You visited 1 branch of the dungeon, and saw 5 of its levels.

You collected 134 gold pieces.

Inventory:

Hand Weapons
 a - a +0 dagger (weapon)
Armour
 b - a +0 robe (worn)
 c - a +0 hat (worn)
 r - a +0 pair of gloves (worn)
   (You found it on level 4 of the Dungeon)
Jewellery
 d - a ring of poison resistance (left hand)
   (You found it on level 1 of the Dungeon)
 p - a ring of flight (right hand)
   (You found it on level 3 of the Dungeon)
Scrolls
 g - a scroll of amnesia {unknown}
 k - a scroll of enchant weapon {unknown}
 n - a scroll of teleportation {unknown}
 o - 2 scrolls of blinking
 s - a scroll of magic mapping {unknown}
Potions
 e - a potion of magic
 f - a potion of cancellation
 h - a potion of curing {unknown}
 i - 2 potions of flight {unknown}
 l - a potion of lignification {!q}
 m - a potion of might {unknown}
 q - a potion of resistance


   Skills:
 - Level 2.4 Dodging
 - Level 2.4 Stealth
 + Level 6.1 Spellcasting
 + Level 3.3 Conjurations
 + Level 3.3 Summonings
 - Level 2.5 Translocations
 + Level 2.3 Fire Magic
 + Level 1.5 Air Magic
 + Level 1.7 Poison Magic


You had 2 spell levels left.
You knew the following spells:

 Your Spells              Type           Power      Damage    Failure   Level
a - Magic Dart            Conj           80%        1d7       2%          1
b - Call Imp              Summ           20%        N/A       3%          2
c - Blink                 Tloc           N/A        N/A       4%          2
d - Conjure Flame         Conj/Fire      18%        6-21      9%          3
e - Mephitic Cloud        Conj/Pois/Air  15%        N/A       12%         3
f - Airstrike             Air            6%         N/A       45%         4

Your spell library contained the following spells:

 Spells                   Type           Power      Damage    Failure   Level
 Foxfire                  Conj/Fire      72%        2x1d7     3%          1
 Shock                    Conj/Air       64%        1d7       3%          1
 Slow                     Hex            6%         N/A       14%         2
 Dazzling Flash           Conj/Hex       26%        N/A       14%         3
 Swiftness                Air            12%        N/A       16%         3
 Inner Flame              Hex/Fire       11%        N/A       19%         3
 Silence                  Hex/Air        4%         N/A       89%         5
 Agony                    Necr           6%         N/A       95%         5


Dungeon Overview and Level Annotations

Branches:
Dungeon (5/15)
 Temple: D:4-7

Altars:
Elyvilon
Nemelex Xobeh
Trog
Vehumet

Annotations:
D:4 3 runed translucent doors, PeterLawrence's ghost, amateur MiFi; ma3's ghost, amateur VSBr; p0werm0de's ghost, amateur GrFi
D:5 Duvessa; Eustachio


Message History

Aim: Duvessa, wielding a +0 short sword and wearing a +0 leather armour (moderately wounded, ally target, 100% to hit)
The magic dart hits Duvessa.
Duvessa hits you but does no damage.
You hit Duvessa but do no damage. Duvessa hits you but does no damage.
You barely miss Duvessa. Duvessa hits you but does no damage.
You hit Duvessa but do no damage. Duvessa hits you but does no damage.
Your crimson imp blinks!
You hit Duvessa but do no damage. Duvessa hits you but does no damage.
You hit Duvessa but do no damage. Duvessa hits you but does no damage.
Aim: Duvessa, wielding a +0 short sword and wearing a +0 leather armour (heavily wounded, ally target, 100% to hit)
The magic dart hits Duvessa.
Duvessa hits you but does no damage.
Aim: Duvessa, wielding a +0 short sword and wearing a +0 leather armour (heavily wounded, ally target, 100% to hit)
The magic dart hits Duvessa but does no damage.
Duvessa weeps.
Duvessa hits you but does no damage.
You hit Duvessa. Duvessa hits you but does no damage.
You closely miss Duvessa. Duvessa hits you but does no damage.
You hit Duvessa. Duvessa hits you with a +0 short sword.
* * * LOW HITPOINT WARNING * * *
You hit Duvessa but do no damage. Duvessa hits you with a +0 short sword.
* * * LOW HITPOINT WARNING * * *
You hit Duvessa but do no damage. Duvessa hits you but does no damage.
You barely miss Duvessa. Duvessa hits you with a +0 short sword.
* * * LOW HITPOINT WARNING * * *
Aim: Duvessa, wielding a +0 short sword and wearing a +0 leather armour (heavily wounded, ally target, 100% to hit)
The magic dart hits Duvessa but does no damage.
Duvessa hits you but does no damage.
Your crimson imp blinks!
Okay, then.
Unknown command.
You completely miss Duvessa. Duvessa hits you but does no damage.
You hit Duvessa but do no damage. Duvessa hits you but does no damage.
You hit Duvessa but do no damage.
Your transformation is almost over.
Duvessa hits you but does no damage.
You hit Duvessa but do no damage. Duvessa hits you but does no damage.
You closely miss Duvessa. Duvessa barely misses you.
You hit Duvessa.
A centaur zombie comes into view.
Duvessa hits you with a +0 short sword.
* * * LOW HITPOINT WARNING * * *
Your crimson imp blinks!
You barely miss Duvessa. Duvessa hits you with a +0 short sword.
* * * LOW HITPOINT WARNING * * *
Your magical effects are unravelling.
You feel magically purged.
You feel less wooden.
Your +0 hat unmelds from your body.
Your +0 pair of gloves unmelds from your body.
Your +0 robe unmelds from your body.
Duvessa hits you with a +0 short sword!
You die...

#................
#....).##########
#......#######
#..........[<#
#.###.######## #
#5 #.# # ### #Z
#.# #
.....#$###.#
.......@e..#
...#.#.##### #.
.. #.. #.. ##! #.


You could see Duvessa (ally target), a centaur zombie and a friendly crimson imp
(summoned).

Vanquished Creatures
  Dowan (D:5)
  3 orc priests
  3 hounds
  A jelly (D:4)
  An orc wizard (D:3)
  A hound skeleton (D:4)
  A howler monkey skeleton (D:4)
  5 adders
  2 worms
  A dart slug (D:2)
  6 orcs
  6 ball pythons
  4 bats
  5 endoplasms
  3 giant cockroaches
  5 goblins
  7 hobgoblins
  3 quokkas
  3 frilled lizards
  6 kobolds
  3 rats
70 creatures vanquished.

Vanquished Creatures (collateral kills)
  2 adders (D:2)
  A kobold (D:2)
3 creatures vanquished.

Vanquished Creatures (others)
  A wizard (D:3)
  3 withered plants (D:4)
4 creatures vanquished.

Grand Total: 77 creatures vanquished

Notes
Turn   | Place    | Note
-------+----------+-------------------------------------------
     0 | D:1      | Lochraine the Deep Elf Hedge Wizard began the quest for the
                  | Orb.
     0 | D:1      | Reached XP level 1. HP: 10/10 MP: 7/7
   165 | D:1      | Reached XP level 2. HP: 15/15 MP: 2/9
   420 | D:1      | Found a faded altar of an unknown god.
  1047 | D:1      | Learned a level 2 spell: Call Imp
  1050 | D:1      | Learned a level 2 spell: Blink
  1250 | D:2      | Reached XP level 3. HP: 19/19 MP: 2/11
  1484 | D:2      | Reached skill level 5 in Spellcasting
  1620 | D:2      | Learned a level 3 spell: Conjure Flame
  2222 | D:3      | Reached XP level 4. HP: 22/24 MP: 9/13
  2466 | D:3      | Found a radiant altar of Vehumet.
  2476 | D:3      | Became a worshipper of Vehumet
  2541 | D:3      | Found a white marble altar of Elyvilon.
  2598 | D:3      | Found a sparkling altar of Nemelex Xobeh.
  2818 | D:3      | Found a bloodstained altar of Trog.
  2819 | D:3      | Noticed a wizard
  2825 | D:3      | Killed a wizard
  2913 | D:3      | Reached skill level 1 in Fire Magic
  3240 | D:4      | Reached XP level 5. HP: 27/28 MP: 8/14
  3253 | D:4      | Learned a level 3 spell: Mephitic Cloud
  3908 | D:4      | Learned a level 4 spell: Airstrike
  3934 | D:4      | Reached skill level 1 in Poison Magic
  4195 | D:4      | Found a runed translucent gate.
  4195 | D:4      | Found a runed translucent gate.
  4196 | D:4      | Found a runed translucent gate.
  4199 | D:4      | Noticed ma3's ghost (amateur VSBr)
  4199 | D:4      | Noticed p0werm0de's ghost (amateur GrFi)
  4199 | D:4      | Noticed PeterLawrence's ghost (amateur MiFi)
  4342 | D:4      | Reached skill level 1 in Air Magic
  4462 | D:5      | Entered Level 5 of the Dungeon
  4490 | D:5      | Reached XP level 6. HP: 14/32 MP: 5/16
  4688 | D:5      | Noticed Duvessa
  4693 | D:5      | Noticed Eustachio
  4934 | D:5      | Noticed Dowan
  4939 | D:5      | Killed Dowan
  4940 | D:5      | Reached skill level 6 in Spellcasting
  4998 | D:5      | Slain by Duvessa

Illustrated notes

Levels and vault maps discovered:
D:1:      shiori_arrival_maze, layout_loops_ring,
          hellmonk_ecumenical_altar_heavens_door
D:2:      layout_basic
D:3:      layout_loops_ring, lemuel_round_altar, nicolae_vehumet_radiance,
          lemuel_round_altar, trog_wizard, kennysheep_generic_room_15
D:4:      layout_cave_pools, gammafunk_ghost_cemetery
D:5:      layout_basic, mainiacjoe_overflow_alcove_1,
          nicolae_yredelemnul_corpse_copse, uniq_eustachio, uniq_duvessa,
          uniq_sigmund

Skill      XL: |  1  2  3  4  5  6 |
---------------+-------------------+-----
Spellcasting   | 5 6 |  6.1
Conjurations   | 2 3 |  3.3
Translocations | 2 |  2.5
Summonings     | 2 3 |  3.3
Fire Magic     | 1 2 |  2.3
Poison Magic   | 1 |  1.7
Air Magic      | 1 |  1.5
Dodging        | |  2.4
Stealth        | |  2.4

Action                   |  1- 3 |  4- 6 || total
-------------------------+-------+-------++-------
Melee: Dagger            |       |    38 ||    38
 Cast: Magic Dart        |    96 |   136 ||   232
       Call Imp          |     3 |     8 ||    11
       Mephitic Cloud    |       |     1 ||     1
       Blink             |       |     1 ||     1
  Use: Scroll            |       |     5 ||     5
       Potion            |       |     2 ||     2
Armor: Robe              |       |    12 ||    12
       Skin              |       |    22 ||    22
Dodge: Dodged            |     6 |    47 ||    53

Table legend: (Time is in decaauts)
 A = Elapsed time spent in this place.
 B = Non-inter-level travel time spent in this place.
 C = Inter-level travel time spent in this place.
 D = Time resting spent in this place.
 E = Time spent auto-exploring this place.
 F = Levels seen in this place.
 G = Mean time per level.
                   A        B        C        D        E       F      G
               +--------+--------+--------+--------+--------+-----+--------+
         Total |   5003 |   4823 |    180 |    740 |   3455 |   5 | 1000.6 |
       Dungeon |   5003 |   4823 |    180 |    740 |   3455 |   5 | 1000.6 |
               +--------+--------+--------+--------+--------+-----+--------+

Top non-repeatable levels by time:
     D:3: 1464 daAuts
     D:4: 1176 daAuts
     D:1: 1170 daAuts
     D:2: 949 daAuts
     D:5: 242 daAuts
